 Dungeon Crawl Stone Soup version 0.32-a0-886-g41c5271 (webtiles) character file.

Game seed: 5564157217745284712

646 nathanael00 the Ruffian (level 7, -2/67 HPs)
             Began as a Troll Fighter on Apr 2, 2024.
             Slain by an orc
             ... wielding a +0 falchion
              (3 damage)
             ... on level 5 of the Dungeon.
             The game lasted 00:19:20 (3008 turns).

nathanael00 the Ruffian (Troll Fighter)             Turns: 3008, Time: 00:19:20

Health: -2/67      AC:  6    Str: 25    XL:     7   Next: 27%
Magic:  6/6        EV:  9    Int:  6    God:
Gold:   215        SH:  0    Dex:  9    Spells: 6/6 levels left

rFire   . .          .
                       - Unarmed
rCold   . . .        (no shield)
rNeg    . . .        a - +1 robe
rPois   .            (helmet restricted)
rElec   .            j - +0 cloak
rCorr   .            (gloves unavailable)
SInv    .            (boots unavailable)
Will    .....        (no amulet)
Stlth   +            (no ring)
HPRegen 1.11/turn    (no ring)
MPRegen 0.10/turn

%: no passive effects
@: mighty
A: large, unfitting armour, claws 3, regeneration 1, shaggy fur 1, tough skin 1
a: no special abilities


You were on level 5 of the Dungeon.
You visited 1 branch of the dungeon, and saw 5 of its levels.
You also visited: Sewer.

You collected 215 gold pieces.

Inventory:

Armour
 a - a +1 robe (worn)
 b - a +0 kite shield
 j - a +0 cloak (worn)
Magical Staves
 q - a staff of alchemy
Jewellery
 e - an amulet of guardian spirit
Talismans
 l - a serpent talisman
Wands
 g - a wand of mindburst (4)
Scrolls
 d - a scroll of enchant armour
 o - 4 scrolls of enchant weapon
 t - a scroll of teleportation {unknown}
Potions
 c - a potion of might
 f - 3 potions of curing
 h - a potion of magic {unknown}
 i - a potion of mutation {unknown}
 k - a potion of brilliance {unknown}
 m - a potion of invisibility {unknown}
 n - a potion of haste {unknown}
 p - a potion of heal wounds {unknown}
 r - a potion of cancellation {unknown}
 s - a potion of experience {unknown}


   Skills:
 + Level 3.5 Fighting
 + Level 0.2 Throwing
 + Level 3.2 Dodging
 - Level 2.6 Shields
 * Level 7.0 Unarmed Combat


You had 6 spell levels left.
You didn't know any spells.
Your spell library contained the following spells:

 Spells                   Type           Power      Damage    Failure   Level
 Slow                     Hex            0%         N/A       45%         1
 Cigotuvi's Dreadful Rot  Necr/Alch/Air  0%         N/A       58%         2
 Confusing Touch          Hex            0%         N/A       83%         3
 Summon Ice Beast         Ice/Summ       0%         N/A       83%         3
 Tukima's Dance           Hex            0%         N/A       83%         3
 Vampiric Draining        Necr           0%         2d6       83%         3
 Dispel Undead            Necr           0%         3d6       99%         4
 Martyr's Knell           Necr/Summ      0%         N/A       99%         4
 Passage of Golubria      Tloc           0%         N/A       99%         4
 Summon Mana Viper        Hex/Summ       0%         N/A       100%        5
 Yara's Violent Unravell  Hex/Alch       0%         3d3       100%        5
 Monstrous Menagerie      Summ           0%         N/A       100%        7


Dungeon Overview and Level Annotations

Branches:
Dungeon (5/15)              Sewer (visited)
 Temple: D:4-7

Altars:
Okawaru

Shops:
D:4 :   D:5 (

Annotations:
D:5 Dowan


Innate Abilities, Weirdness & Mutations

You are too large for most types of armour.
You have claws for hands.
Your natural rate of healing is unusually fast.
You are covered in fur. (AC +1)
You have tough skin. (AC +1)


Message History

Duvessa hits you with a +0 short sword.
You claw the gnoll!
You kill the gnoll!
You hear a shout!
The orc hits you but does no damage. The gnoll hits you with a +0 flail.
Dowan mumbles some strange words.
Dowan blinks!
A gnoll comes into view. It is wielding a +0 spear.
Duvessa hits you with a +0 short sword.
You claw Duvessa!
Duvessa is almost dead.
The orc closely misses you. The sleepcap barely misses you.
The gnoll hits you but does no damage. Duvessa misses you.
You scratch Duvessa.
Duvessa is almost dead.
The orc hits you with a +0 dagger.
The sleepcap releases spores at you but does no damage.
The gnoll hits you from afar with a +0 spear.
The gnoll hits you with a +0 flail. Duvessa hits you with a +0 short sword!
* * * LOW HITPOINT WARNING * * *
You claw Duvessa!
You kill Duvessa!
Dowan screams, "No!
Oh no!"
Dowan seems to find hidden reserves of power!
The gnoll hits you but does no damage. The orc closely misses you.
The sleepcap releases spores at you.
* * * LOW HITPOINT WARNING * * *
The gnoll hits you but does no damage.
The orc throws a stone.
The stone hits you.
* * * LOW HITPOINT WARNING * * *
Your Unarmed Combat skill increases to level 7!
Dowan mumbles some strange words.
Dowan blinks!
The orc hits you with a +0 falchion.
* * * LOW HITPOINT WARNING * * *
Things that are here:
31 gold pieces; a +0 short sword; a +0 scale mail You barely miss the orc.
The gnoll hits you with a +0 flail!
* * * LOW HITPOINT WARNING * * *
The orc hits you with a +0 falchion.
You die...

### #. #. ######
.. ###.#.....#.
#........#.#...
#.##.#!......#
##.##.#.g.#.#.#
#.......oe....#
#..##.##g#
#########..##.##@#
........#.......o#
#######...)...####
###.##### #.# #.#
#.# #.# #.#


You could see Dowan (fast), 2 gnolls and 2 orcs.

Vanquished Creatures
  Duvessa (D:5)
  Pargi (Sewer)
  A kobold brigand (D:5)
  A brain worm (Sewer)
  A hound (D:5)
  A gnoll bouda (D:5)
  An orc priest (D:5)
  2 orc wizards
  3 adders
  2 gnolls (D:5)
  A river rat (D:5)
  A shadow imp (D:4)
  4 ufetubi (D:5)
  A ribbon worm (D:5)
  6 dart slugs
  12 orcs
  6 bats
  3 endoplasms
  3 giant cockroaches
  4 goblins
  5 hobgoblins
  3 quokkas (D:1)
  7 ball pythons
  11 frilled lizards
  8 kobolds
  2 rats
91 creatures vanquished.

Vanquished Creatures (others)
  A bat (D:1)
  A hobgoblin (D:1)
  A ball python (D:1)
3 creatures vanquished.

Grand Total: 94 creatures vanquished

Notes
Turn   | Place    | Note
-------+----------+-------------------------------------------
     0 | D:1      | nathanael00 the Troll Fighter began the quest for the Orb.
     0 | D:1      | Reached XP level 1. HP: 22/22 MP: 0/0
   200 | D:1      | Reached XP level 2. HP: 24/29 MP: 1/1
   410 | D:3      | Reached skill level 3 in Unarmed Combat
   410 | D:3      | Reached XP level 3. HP: 35/37 MP: 2/2
  1674 | D:3      | Reached XP level 4. HP: 45/45 MP: 3/3
  2013 | D:3      | Reached skill level 4 in Unarmed Combat
  2035 | D:4      | Found Icif's Self-Improvement Boutique.
  2466 | D:4      | Found an iron altar of Okawaru.
  2529 | D:5      | Entered Level 5 of the Dungeon
  2562 | D:5      | Noticed a kobold brigand
  2585 | D:5      | Killed a kobold brigand
  2586 | D:5      | Reached XP level 5. HP: 45/53 MP: 4/4
  2608 | D:5      | Reached skill level 5 in Unarmed Combat
  2642 | D:5      | Found Wat Nese's Antique Weapon Shop.
  2671 | D:5      | Reached XP level 6. HP: 43/61 MP: 5/5
  2717 | D:5      | Found a glowing drain.
  2734 | Sewer    | Entered a sewer
  2773 | Sewer    | Noticed Pargi
  2777 | Sewer    | Killed Pargi
  2778 | Sewer    | Reached skill level 6 in Unarmed Combat
  2983 | D:5      | Noticed Dowan
  2988 | D:5      | Noticed Duvessa
  3001 | D:5      | Reached XP level 7. HP: 52/67 MP: 6/6
  3006 | D:5      | Killed Duvessa
  3007 | D:5      | Reached skill level 7 in Unarmed Combat
  3008 | D:5      | HP: 1/67 [gnoll/+0 flail[a gnoll bouda] (8)]
  3008 | D:5      | Slain by an orc

Illustrated notes

Levels and vault maps discovered:
D:1:      lightli_arrival_noodles, layout_basic, minmay_splitting_lines,
          lemuel_flame_loot_1
D:2:      layout_basic
D:3:      layout_loops_ring
D:4:      layout_basic, kennysheep_okawaru_gauntlet, serial_shops,
          nicolae_shop_crystal, shop, nicolae_shop_overgrown_old_shop,
          nicolae_shop_self_help, uniq_pikel
D:5:      layout_loops_ring, mainiacjoe_overflow_small_starburst, serial_shops,
          nicolae_shop_crystal, mainiacjoe_sewer_entry_somewhere_in_here_1,
          serial_glass, glass_columns_a, glass_columns_b, glass_columns_a,
          glass_columns_b, glass_columns_b, glass_columns_a, uniq_duvessa

Skill      XL: |  1  2  3  4  5  6  7 |
---------------+----------------------+-----
Fighting       | 3 |  3.5
Unarmed Combat | 3 4 5 6 7 |  7.0
Dodging        | 3 |  3.2
Throwing       | |  0.2
Shields        | |  2.6

Action                     |  1- 3 |  4- 6 |  7- 9 || total
---------------------------+-------+-------+-------++-------
  Melee: Unarmed           |   102 |   166 |     6 ||   274
         Punch             |     2 |     2 |       ||     4
         Constrict         |     2 |       |       ||     2
  Throw: Javelin           |       |     2 |       ||     2
    Use: Scroll            |       |     6 |       ||     6
         Potion            |       |     1 |       ||     1
 Armour: Robe              |    74 |   127 |    21 ||   222
         Skin              |     7 |       |       ||     7
  Dodge: Dodged            |    51 |    82 |     6 ||   139
         Form:             |     1 |       |       ||     1
         Serpent           |     1 |       |       ||     1

Table legend: (Time is in decaauts)
 A = Elapsed time spent in this place.
 B = Non-inter-level travel time spent in this place.
 C = Inter-level travel time spent in this place.
 D = Time resting spent in this place.
 E = Time spent auto-exploring this place.
 F = Levels seen in this place.
 G = Mean time per level.
                   A        B        C        D        E       F      G
               +--------+--------+--------+--------+--------+-----+--------+
         Total |   2991 |   2991 |      0 |     27 |   1541 |   6 |  498.5 |
       Dungeon |   2873 |   2873 |      0 |     27 |   1541 |   5 |  574.6 |
         Sewer |    118 |    118 |      0 |      0 |      0 |   1 |  118.0 |
               +--------+--------+--------+--------+--------+-----+--------+

Top non-repeatable levels by time:
     D:2: 869 daAuts
     D:3: 744 daAuts
     D:1: 697 daAuts
     D:5: 346 daAuts
     D:4: 215 daAuts
   Sewer: 118 daAuts
